 Dungeon Crawl Stone Soup version 0.29.1-14-g9c671dbff4 (webtiles) character file.

Game seed: 17469065643107382386

5665 wolfrpgdude the Carver (level 10, -6/91 HPs)
             Began as a Minotaur Fighter on Feb 12, 2023.
             Was an Elder of Okawaru.
             Mangled by an ogre
             ... wielding a +0 giant spiked club
              (12 damage)
             ... on level 9 of the Dungeon.
             The game lasted 00:21:29 (7025 turns).

wolfrpgdude the Carver (Minotaur Fighter)           Turns: 7025, Time: 00:21:30

Health: -6/91      AC: 22    Str: 27    XL:     10   Next: 47%
Magic:  9/9        EV:  8    Int:  5    God:    Okawaru [****..]
Gold:   501        SH:  0    Dex: 16    Spells: 9/9 levels left

rFire   . . .      SeeInvis .   y - +5 great sword
rCold   . . .      Faith    .   (shield currently unavailable)
rNeg    . . .      Spirit   .   h - +3 plate armour
rPois   .          Reflect  .   (helmet restricted)
rElec   .          Harm     .   b - +0 cloak
rCorr   .          Rampage  .   (no gloves)
Will    .....                   (no boots)
Stlth   ..........              t - amulet of regeneration
HPRegen 1.05/turn               o - ring "Cicosm" {AC+4 Str+2}
MPRegen 0.11/turn               l - +6 ring of dexterity

@: slowed, very slow
A: horns 2, retaliatory headbutt
a: Renounce Religion, Heroism, Finesse


You were on level 9 of the Dungeon.
You worshipped Okawaru.
Okawaru was greatly pleased with you.
You visited 2 branches of the dungeon, and saw 10 of its levels.
You also visited: Ossuary.

You collected 501 gold pieces.

Inventory:

Hand Weapons
 a - a +3 long sword of venom
 y - a +5 great sword (weapon)
Armour
 b - a +0 cloak (worn)
 h - a +3 plate armour (worn)
Jewellery
 l - a +6 ring of dexterity (right hand)
 o - the ring "Cicosm" (left hand) {AC+4 Str+2}
   (You acquired it on level 3 of the Dungeon)

   [ring of protection]

   AC:        It affects your AC (+4).
   Str:       It affects your strength (+2).
 s - a +6 ring of intelligence
 t - an amulet of regeneration (around neck)
 x - a ring of magical power
 B - a ring of resist corrosion
Wands
 w - a wand of flame (30)
 C - a wand of mindburst (13)
 E - a wand of digging (3)
Scrolls
 d - 2 scrolls of amnesia
 j - 2 scrolls of magic mapping
 k - 9 scrolls of identify
 q - 2 scrolls of fog
Potions
 e - 4 potions of brilliance
 f - 2 potions of magic {unknown}
 g - 2 potions of resistance {unknown}
 i - 2 potions of ambrosia {unknown}
 m - a potion of haste
 p - 2 potions of flight {unknown}
 r - a potion of berserk rage {unknown}
 u - 5 potions of curing {unknown}
 v - 2 potions of mutation {unknown}
 z - a potion of cancellation {unknown}
 A - 3 potions of lignification {unknown}


   Skills:
 + Level 9.3 Fighting
 + Level 12.7 Long Blades
 + Level 9.5 Armour
 + Level 0.9 Dodging
 + Level 7.6 Shields


You had 9 spell levels left.
You didn't know any spells.
Your spell library was empty.

Dungeon Overview and Level Annotations

Branches:
Dungeon (9/15)             Temple (1/1) D:4         Ossuary (visited)
   Lair: D:8-11         Orc: D:9-12

Altars:
Ashenzari
Cheibriados
Dithmenos
Elyvilon
Fedhas
Gozag
Hepliaklqana
Kikubaaqudgha
Makhleb
Nemelex Xobeh
Okawaru
Qazlal
Ru
Sif Muna
Trog
Uskayaw
Vehumet
Wu Jian
Xom
Yredelemnul
Zin
The Shining One

Portals:
Bailey: D:9


Innate Abilities, Weirdness & Mutations

You have a pair of horns on your head.
You reflexively headbutt those who attack you in melee.


Message History

The gnoll hits you from afar with a +0 spear.
* * * LOW HITPOINT WARNING * * *
The orc warrior hits you with a +2 long sword of flaming.
* * * LOW HITPOINT WARNING * * *
The orc warrior burns you.
* * * LOW HITPOINT WARNING * * *
The gnoll sergeant hits you from afar with a +0 spear!
* * * LOW HITPOINT WARNING * * *
You feel much better.
The ogre hits you with a +0 giant spiked club!
The gnoll hits you but does no damage.
The gnoll sergeant hits you from afar with a +0 spear.
* * * LOW HITPOINT WARNING * * *
The orc warrior hits you with a +0 flail!
* * * LOW HITPOINT WARNING * * *
The orc warrior hits you with a +2 long sword of flaming!
* * * LOW HITPOINT WARNING * * *
The orc warrior burns you.
* * * LOW HITPOINT WARNING * * *
You slash the orc warrior! You headbutt the orc warrior.
The orc warrior is severely wounded.
The gnoll closely misses you. The gnoll hits you but does no damage.
The ogre barely misses you.
The gnoll hits you from afar with a +0 spear.
* * * LOW HITPOINT WARNING * * *
The orc warrior hits you but does no damage.
The gnoll sergeant barely misses you.
The orc warrior hits you but does no damage.
The gnoll closely misses you. The orc warrior misses you.
The gnoll hits you but does no damage. x2
An orc wizard comes into view. It is wielding a +0 dagger.
The orc warrior barely misses you.
The gnoll sergeant hits you from afar with a +0 spear.
* * * LOW HITPOINT WARNING * * *
The orc wizard shouts!
You slice the orc warrior!!
You kill the orc warrior!
Okawaru accepts your kill.
The ogre hits you with a +0 giant spiked club!
You die...

#.....)........# #.............##
## #.........#...# ###.##
...........#.######....#
...........### #.......#
..........######.......#
.............#....g....# +.
...............gOogo...# #.##
...............#@)Kg...# #.#.
........<#.....###gog).#######.#>
....##..##.....# #oK.#.....##....
....##...........#.oo#.....##.[..
....##...............g.g...#.....
##.........#........#.o..g.#....)
##.........#........##....o......
.#........ ...........o..##O....
.......... ...............#...#.


You could see an orc warrior, 2 kobold brigands, an ogre, 2 gnoll sergeants, 2
orc wizards, 5 gnolls and 2 orcs.

Vanquished Creatures
  The ghost of Wobber the Caller, a novice TeSu (D:5)
  A shadow (D:7)
  A wraith (Ossuary)
  A steam dragon (D:9)
  2 water moccasins
  3 orc warriors
  4 sky beasts
  A black bear (D:7)
  2 ice beasts
  5 centaurs
  3 ogres
  5 bullfrogs
  A necrophage (D:6)
  2 gnoll sergeants
  A scorpion (D:6)
  20 wights
  6 killer bees (D:9)
  2 vampire bats (D:6)
  2 jellies
  5 orc priests
  Crazy Yiuf (D:2)
  2 gnoll boudas
  A hound (D:6)
  10 iguanas
  Terence (D:2)
  Natasha (thrice) (D:2)
  3 orc wizards
  2 mummies
  Robin (D:3)
  26 gnolls
  8 adders
  A white imp (D:7)
  An ufetubus (D:5)
  2 worms
  3 dart slugs
  18 orcs
  4 bats
  5 bat skeletons (D:6)
  2 bat zombies (D:6)
  6 endoplasms
  5 giant cockroaches
  21 goblins
  8 hobgoblins
  2 jackals (D:4)
  2 quokkas (D:3)
  7 ball pythons
  6 frilled lizards
  4 gnoll skeletons (Ossuary)
  A goblin zombie (D:5)
  A hobgoblin zombie (D:5)
  4 kobolds
  12 kobold skeletons (Ossuary)
  9 orc skeletons (Ossuary)
  5 rats
255 creatures vanquished.

Notes
Turn   | Place    | Note
-------+----------+-------------------------------------------
     0 | D:1      | wolfrpgdude the Minotaur Fighter began the quest for the
                  | Orb.
     0 | D:1      | Reached XP level 1. HP: 19/19 MP: 0/0
   342 | D:1      | Reached XP level 2. HP: 27/27 MP: 1/1
   752 | D:2      | Found a faded altar of an unknown god.
   818 | D:2      | Found a runed translucent door.
   819 | D:2      | Noticed Crazy Yiuf
   990 | D:2      | Noticed Natasha
   995 | D:2      | Killed Natasha
   996 | D:2      | Reached skill level 3 in Long Blades
   996 | D:2      | Reached XP level 3. HP: 27/33 MP: 2/2
  1338 | D:2      | Identified the +1 helmet of the Vanishing Mouths {Str+3
                  | SInv}
  1484 | D:2      | Noticed Natasha
  1490 | D:2      | Killed Natasha
  1491 | D:2      | Reached XP level 4. HP: 41/41 MP: 3/3
  1552 | D:2      | Noticed Natasha
  1560 | D:2      | Killed Natasha
  1639 | D:2      | Noticed Terence
  1647 | D:2      | Killed Terence
  1648 | D:2      | Reached XP level 5. HP: 43/47 MP: 4/4
  1765 | D:2      | Killed Crazy Yiuf
  2029 | D:3      | Identified a scroll of acquirement
  2029 | D:3      | Acquired the ring "Cicosm" {AC+4 Str+2}
  2053 | D:3      | Reached skill level 4 in Long Blades
  2423 | D:3      | Reached skill level 5 in Fighting
  2425 | D:3      | Reached skill level 5 in Shields
  2471 | D:3      | Reached skill level 5 in Armour
  2594 | D:3      | Noticed Robin
  2601 | D:3      | Killed Robin
  2675 | D:3      | Reached XP level 6. HP: 56/56 MP: 5/5
  2938 | D:3      | Reached XP level 7. HP: 52/61 MP: 6/6
  2947 | D:4      | Found a staircase to the Ecumenical Temple.
  2979 | Temple   | Entered the Ecumenical Temple
  2994 | Temple   | Became a worshipper of Warmaster Okawaru
  3126 | D:4      | Reached skill level 5 in Long Blades
  3533 | D:5      | Entered Level 5 of the Dungeon
  3640 | D:5      | Found a runed translucent door.
  3649 | D:5      | Noticed Wobber's ghost (novice TeSu)
  3665 | D:5      | Killed Wobber's ghost
  3665 | D:5      | Reached * piety under Okawaru
  3666 | D:5      | Reached skill level 6 in Long Blades
  3666 | D:5      | Reached XP level 8. HP: 71/71 MP: 7/7
  3730 | D:5      | Found a sand-covered staircase.
  3770 | Ossuary  | Entered an ossuary
  4157 | D:5      | Reached ** piety under Okawaru
  4219 | D:5      | Reached skill level 7 in Long Blades
  4235 | D:5      | Reached skill level 8 in Long Blades
  4309 | D:5      | Identified the +3 rapier "Kuagoyx" {speed, *Rage rF++
                  | Int+2}
  4619 | D:6      | Reached XP level 9. HP: 80/80 MP: 8/8
  4810 | D:6      | Reached skill level 9 in Long Blades
  4824 | D:6      | Reached *** piety under Okawaru
  5032 | D:6      | Reached skill level 10 in Long Blades
  5289 | D:6      | Found an ancient bone altar of Kikubaaqudgha.
  5509 | D:7      | Found a stormy altar of Qazlal.
  5510 | D:7      | Found an ornate altar of the Wu Jian Council.
  5510 | D:7      | Found an opulent altar of Gozag.
  5694 | D:7      | Reached skill level 11 in Long Blades
  5740 | D:7      | Reached **** piety under Okawaru
  5817 | D:7      | Reached XP level 10. HP: 67/90 MP: 9/9
  6226 | D:8      | Found a faded altar of an unknown god.
  6226 | D:8      | Found a shadowy altar of Dithmenos.
  6235 | D:8      | Found a radiant altar of Vehumet.
  6237 | D:8      | Found a sacrificial altar of Ru.
  6239 | D:8      | Found a snail-covered altar of Cheibriados.
  6599 | D:8      | Reached skill level 12 in Long Blades
  6728 | D:9      | Received a gift from Okawaru
  6949 | D:9      | Found a flagged portal.
  7025 | D:9      | Mangled by an ogre

Illustrated notes

Levels and vault maps discovered:
D:1:      denvon_arrival_planthouse, layout_loops_cross
D:2:      minmay_chambers_of_twos, layout_loops_ring,
          hellmonk_ecumenical_altar_heavens_door, corner_web_ring, uniq_terence,
          uniq_natasha, uniq_crazy_yiuf_cottage
D:3:      layout_loops_cross, minmay_pentangle, uniq_robin
D:4:      layout_rooms, minmay_temple_entry_stoned_glass
D:5:      layout_basic, nicolae_ossuary_entry_giza,
          ebering_ghost_reflecting_pool, serial_bayou_pond_a,
          minmay_strange_pillars, amcnicky_mini_corridor_feature
D:6:      layout_basic, kennysheep_vampire_church, serial_co_window_serial,
          co_window_cross_1, co_window_paths_b, co_window_paths_a,
          co_window_paths_b, co_window_paths_b, co_window_paths_c,
          co_window_corner_b, co_window_paths_c, co_window_paths_c,
          co_window_corner_b, co_window_4corner_a, glass_columns_c
D:7:      layout_basic, minitemple
D:8:      layout_basic, chequers_temple_overflow_minitemple
D:9:      layout_cave_pools, kennysheep_orc_monster_closet_entryway,
          enter_bailey_3
Temple:   nicolae_temple_two_arcs

Skill      XL: |  1  2  3  4  5  6  7  8  9 10 |
---------------+-------------------------------+-----
Fighting       | 4 5 6 7 8 9 |  9.3
Armour         | 4 5 6 7 9 |  9.5
Shields        | 4 5 6 7 |  7.6
Long Blades    | 3 4 6 8 11 12 | 12.7
Dodging        | |  0.9

Action                   |  1- 3 |  4- 6 |  7- 9 | 10-12 || total
-------------------------+-------+-------+-------+-------++-------
Melee: Long sword        |    54 |   109 |   201 |       ||   364
       Headbutt          |     6 |    17 |    44 |    14 ||    81
       Great sword       |       |       |   140 |    89 ||   229
  Use: Scroll            |     7 |     4 |     8 |     2 ||    21
       Potion            |       |       |     1 |     3 ||     4
Armor: Scale mail        |     9 |       |       |       ||     9
       Plate armour      |    28 |    65 |   283 |   109 ||   485
Dodge: Dodged            |    24 |    35 |   132 |    84 ||   275
Block: Buckler           |    20 |    40 |    60 |       ||   120
